AoeStats
← [PSCH] R!ce

African Clearing

505304942Analyzed
2v2 RM · 25d ago on Sep 8, 2026· 43m 39s· 4 players
Game mode
Random Map
Map size
Medium (4 player)
Population
200
Speed
Normal
Resources
Standard
Victory
Conquest
Starting age
Dark Age
Ending age
Imperial Age
RankedLock teamsTeams togetherTeam positionsShared explorationLock speedFull tech treeHidden civsTurbo modeCheats
Victory
Defeat
1490
+15
🇧🇪 Gurjaras · Belgium
1474
+15
🇨🇭 Tupi · Switzerland
1469
-15
🇨🇭 Mapuche · Switzerland
1452
-15
[PSCH] R!ce
10:14 Loom
13:37 Feudal Age
17:30 Castle Age
15:03 Champi Runner
15:50 Double-Bit Axe
16:34 Scale Mail Armor
17:42 Champi Warrior
18:55 Pikeman
24:07 Chain Mail Armor
24:21 Bow Saw
24:15 Arson
28:27 Forging
30:52 Horse Collar
31:14 Devotion
31:38 Squires
39:23 Wheelbarrow
42:11 Imperial Age
41:33 Iron Casting
40:49 Fletching
43:17 Halberdier
[PSCH] wolverito
4:34 Loom
13:15 Feudal Age
14:07 Horse Collar
14:13 Double-Bit Axe
20:31 Fletching
22:43 Castle Age
23:54 Bow Saw
32:22 Padded Archer Armor
40:57 Bodkin Arrow
41:25 Leather Archer Armor
43:38 Bodkin Arrow
43:15 Elite Skirmisher
Kiprotiche
5:39 Loom
14:18 Feudal Age
18:35 Castle Age
17:47 Fletching
18:53 Crossbowman
19:30 Bodkin Arrow
21:18 Double-Bit Axe
26:13 Town Watch
26:59 Padded Archer Armor
30:39 Scale Mail Armor
31:36 Wheelbarrow
32:06 Forging
35:50 Hand Cart
40:25 Imperial Age
39:52 Leather Archer Armor
41:31 Ballistics
42:23 Masonry
43:47 Conscription
43:45 Bloodlines
42:57 Light Cavalry
43:37 Husbandry
44:16 Bow Saw
BlockedByJames (road2MembK)
12:25 Feudal Age
16:38 Castle Age
14:50 Double-Bit Axe
16:24 Loom
18:52 Horse Collar
21:26 Bloodlines
22:19 Town Watch
23:10 Wheelbarrow
32:33 Scale Barding Armor
32:30 Husbandry
33:37 Chain Barding Armor
36:32 Hand Cart
37:34 Forging
39:11 Heavy Plow
39:16 Town Patrol
40:37 Iron Casting
43:29 Imperial Age
44:20 Plate Barding Armor
43:07 Cavalier
43:34 Elite War Elephant
Connection lost

Rejoining the realm…

Still unreachable

The connection could not be restored.

Session expired

The server has moved on; the page needs a fresh start.